 Dungeon Crawl Stone Soup version 0.26-a0-466-g989023bd0d (webtiles) character file.

Game seed: 3862272455741397020

94698 DeltaSign the Severer (level 15, -3/145 HPs)
             Began as a Minotaur Berserker on July 30, 2020.
             Was the Champion of Trog.
             Blown up by an orb spider (41 damage)
             ... with an orb of destruction
             ... on level 1 of the Spider Nest.
             The game lasted 01:02:55 (26813 turns).

DeltaSign the Severer (Minotaur Berserker)         Turns: 26813, Time: 01:02:55

Health: -3/145     AC: 11    Str: 22    XL:     15   Next: 64%
Magic:  14/14      EV: 15    Int:  4    God:    Trog [******]
Gold:   3539       SH:  5    Dex: 16    Spells: 14/14 levels left

rFire    . . .     SeeInvis .   E - +7 executioner's axe (venom)
rCold    + . .     Faith    .   (shield currently unavailable)
rNeg     . . .     Spirit   .   l - +0 plate armour
rPois    +         Reflect  +   (helmet restricted)
rElec    .         Harm     .   i - scarf {repulsion}
rCorr    .         Rnd*Rage +   y - +2 pair of gloves of the Pink Corner {rPois rC- MR+++ Slay+2}
MR       +++++                  K - +0 pair of boots
Stlth    ..........             T - amulet of reflection
HPRegen  0.34/turn              a - ring "Posouz" {rPois rC++}
MPRegen  0.14/turn              d - ring of protection from magic

@: lethally poisoned (-3 -> -15), about to teleport, corroded, berserk cooldown,
very slightly contaminated, repel missiles
A: retaliatory headbutt, horns 2, rugged brown scales 1, berserk 1, wild magic 1
a: Berserk, Trog's Hand, Brothers in Arms, Renounce Religion


You were on level 1 of the Spider Nest.
You worshipped Trog.
Trog was exalted by your worship.
You visited 4 branches of the dungeon, and saw 24 of its levels.
You also visited: Ossuary, Ice Cave and Volcano.

You collected 5158 gold pieces.
You spent 1619 gold pieces at shops.

Inventory:

Hand Weapons
 E - a +7 executioner's axe of venom (weapon)
Armour
 i - a scarf of repulsion (worn)
 l - a +0 plate armour (worn)
 y - the +2 pair of gloves of the Pink Corner (worn) {rPois rC- MR+++ Slay+2}
   (You found it on level 9 of the Dungeon)

   It affects your accuracy and damage with ranged weapons and melee attacks
   (+2).
   It makes you vulnerable to cold.
   It protects you from poison.
   It affects your resistance to hostile enchantments.
 z - a +2 pair of gloves
 K - a +0 pair of boots (worn)
Jewellery
 a - the ring "Posouz" (left hand) {rPois rC++}
   (You bought it in a shop on level 2 of the Orcish Mines)

   [ring of poison resistance]

   It greatly protects you from cold.
   It protects you from poison.
 d - a ring of protection from magic (right hand)
 v - an uncursed ring of flight
 Q - an uncursed ring of ice
 S - an uncursed ring of fire
 T - an amulet of reflection (around neck)
Wands
 j - a wand of acid (32)
 o - a wand of clouds (5)
 t - a wand of enslavement (10)
 x - a wand of digging (6)
 B - a wand of polymorph (44)
 F - a wand of iceblast (13)
 M - a wand of paralysis (9)
 P - a wand of random effects (46)
 R - a wand of flame (23)
 V - a wand of disintegration (17)
Scrolls
 c - 8 scrolls of fog
 f - 9 scrolls of remove curse
 g - 11 scrolls of teleportation
 h - 4 scrolls of fear
 k - 16 scrolls of identify
 m - a scroll of holy word
 r - a scroll of brand weapon
 D - a scroll of silence
 G - 3 scrolls of enchant armour
 I - a scroll of torment
 J - a scroll of vulnerability
Potions
 e - 17 potions of curing
 n - 3 potions of flight
 p - 3 potions of cancellation
 q - 8 potions of haste
 s - 5 potions of lignification
 u - a potion of magic
 w - 2 potions of heal wounds
 A - 3 potions of invisibility
 C - a potion of might
 N - 2 potions of stabbing


   Skills:
 + Level 15.0 Fighting
 * Level 20.0 Axes
 + Level 14.8 Armour
 + Level 13.8 Dodging


You had 14 spell levels left.
You didn't know any spells.
Your spell library was empty.

Dungeon Overview and Level Annotations

Branches:
Dungeon (15/15)            Temple (0/1) D:7            Lair (6/6) D:11
 Shoals (0/4) Lair:4       Spider (1/4) Lair:3        Slime (0/5) Lair:6
    Orc (2/2) D:9             Elf (0/3) Orc:2        Vaults (0/5) D:13
 Depths (0/5) D:15        Ossuary (visited)           IceCv (visited)
Volcano (visited)

Altars:
Dithmenos
Elyvilon
Kikubaaqudgha
Sif Muna
Trog
Uskayaw
Vehumet
Wu Jian
Yredelemnul
Zin
Beogh

Shops:
D:4 *   D:5 (   D:8 (   D:10 [   Orc:2 **}:

Portals:
Trove: D:10 (give +3 shadow dragon scales)

Annotations:
D:8 exclusion: statue


Innate Abilities, Weirdness & Mutations

You reflexively headbutt those who attack you in melee.
You have a pair of horns on your head.
You are partially covered in rugged brown scales. (AC +1, +3% HP)
You tend to lose your temper in combat.
Your spells are a little harder to cast, but a little more powerful.


Message History

The demonic crawler looks more healthy.
The jumping spider leaps!
You block the demonic crawler's attack. The demonic crawler misses you.
The demonic crawler completely misses you.
The jumping spider leaps! x2; The demonic crawler misses you.
The demonic crawler hits you but does no damage. x2
Press: ? - help, Dir - move target cursor You are very lightly contaminated with residual magic.
As you read the scroll of blinking, it crumbles to dust.
You feel very sick. The jumping spider barely misses you.
The jumping spider misses you.
You slice the jumping spider!!
You kill the jumping spider!
Trog accepts your kill.
You feel sick.
The orb spider weaves a glowing orb of energy.
An orb of destruction comes into view.
You feel sick.
As you read the scroll of teleportation, it crumbles to dust.
You feel strangely unstable.
You feel sick. The orb of destruction hits you!!!
You die...

.# .## ##.. ..# .##... ..##
.# .#..#.# ... .##### .#
#.#.## °.. ^.##^##.#
#...##### ..### #.......#
#^..#..# #...### ..###..##
#.....###..#..# .## .##.#...#
###$.@○○○.#.....#°°).
.##....##
#...#.#†.ss.###......
#.#...#.#####...#..##.s†.(ss#
##..####..###..##...#.####°##
##..#...##.#..#...#### ..
.#..........##..#. ...
.....#####...#...... #.$
..#^#^ ....##......# . #.[ .
..##.>#


You could see a demonic crawler, an orb spider and a tarantella.

Vanquished Creatures
  Kirke (Spider:1)
  An entropy weaver (Spider:1)
  Snorg (D:10)
  A fire dragon (Lair:6)
  Erolcha (D:11)
  6 hydras
  3 vault guards (D:13)
  3 centaur warriors
  2 two-headed ogres
  A death knight (D:14)
  2 tengu warriors (D:14)
  Sonja (D:10)
  An orc high priest (Orc:1)
  A skeletal warrior (D:14)
  2 unseen horrors (shapeshifter)
  An unseen horror (D:13)
  A glowing orange brain (D:15)
  10 orc knights
  A wizard (D:15)
  A lindwurm (Lair:6)
  A deep elf mage (D:13)
  2 orc sorcerers
  14 ugly things
  6 cyclopes
  A manticore (D:13)
  17 elephants
  A merfolk siren (Lair:4)
  5 black mambas
  2 molten gargoyles (Lair:6)
  Psyche (D:11)
  A torpor snail (Lair:6)
  5 centaur skeletons
  9 cane toads
  A rime drake (Lair:1)
  Maggie (D:7)
  A kobold demonologist (D:11)
  7 komodo dragons
  A freezing wraith (D:14)
  7 jumping spiders
  3 merfolk (Lair:4)
  A red devil (Volcano)
  6 trolls
  A tyrant leech (shapeshifter) (D:15)
  10 blink frogs
  5 dream sheep (Lair:2)
  Grinder (D:3)
  Prince Ribbit (Lair:1)
  6 hippogriffs
  16 slime creatures
  Sigmund (D:2)
  3 vampires
  7 wyverns
  12 redbacks (Spider:1)
  9 humans (D:13)
  A tarantella (Spider:1)
  29 yaks
  5 wraiths
  A tarantella (shapeshifter) (D:15)
  3 hogs (Spider:1)
  5 basilisks
  Menkaure (D:4)
  4 steam dragons
  9 wargs
  A soldier ant (D:15)
  16 water moccasins
  Duvessa (D:6)
  5 porcupines
  6 hell hounds
  2 sky beasts
  A hornet zombie (D:15)
  53 orc warriors
  A black bear (D:11)
  4 phantoms
  9 ice beasts
  2 wolves (Lair:5)
  15 ogres
  13 crocodiles
  16 centaurs
  22 bullfrogs
  3 big kobolds
  An elf zombie (Ossuary)
  Dowan (D:6)
  A wyvern skeleton (D:8)
  3 scorpions
  9 killer bees
  8 wights
  5 electric eels
  5 howler monkeys
  3 lava snakes (Lair:6)
  6 centaur zombies
  A quasit (D:12)
  3 human zombies (Ossuary)
  16 orc priests
  5 hounds
  4 jellies
  A bullfrog skeleton (D:12)
  3 iguanas
  Ijyb (D:3)
  22 orc wizards
  11 worker ants
  Natasha (twice) (D:3)
  A big kobold zombie (Ossuary)
  A hound zombie (D:5)
  A hound skeleton (D:4)
  2 mummies (Ossuary)
  3 howler monkey zombies
  A worker ant zombie (D:6)
  7 gnolls
  2 howler monkey skeletons
  17 adders
  3 shadow imps
  7 white imps
  An ooze (D:7)
  2 adder zombies
  4 worms
  4 leopard geckos
  113 orcs
  4 bats
  4 giant cockroaches
  9 goblins
  2 hobgoblins
  12 jackals
  24 kobolds
  8 quokkas
  2 ball pythons
  2 frilled lizards (D:5)
  A goblin zombie (Ossuary)
  7 hobgoblin zombies (Ossuary)
  A jackal skeleton (D:6)
  9 kobold zombies (Ossuary)
  9 orc zombies (Ossuary)
  3 rats
  3 rat zombies (Ossuary)
  A spectral orc (D:8)
  3 fungi
  5 plants
823 creatures vanquished.

Vanquished Creatures (others)
  A hydra (Lair:6)
  A komodo dragon (Lair:6)
  2 humans (Spider:1)
  A jackal (D:3)
  A fungus (Lair:6)
  A plant (D:5)
7 creatures vanquished.

Grand Total: 830 creatures vanquished

Notes
Turn   | Place    | Note
-------+----------+-------------------------------------------
     0 | D:1      | DeltaSign the Minotaur Berserker began the quest for the
                  | Orb.
     0 | D:1      | Reached XP level 1. HP: 19/19 MP: 0/0
   747 | D:1      | Reached XP level 2. HP: 24/27 MP: 1/1
   834 | D:2      | Reached skill level 4 in Axes
  1019 | D:2      | Reached XP level 3. HP: 33/33 MP: 2/2
  1403 | D:2      | Noticed Sigmund
  1414 | D:2      | Killed Sigmund
  1414 | D:2      | Reached ** piety under Trog
  1414 | D:2      | Reached skill level 5 in Axes
  1414 | D:2      | Reached XP level 4. HP: 14/41 MP: 3/3
  1414 | D:2      | Reached XP level 5. HP: 16/47 MP: 4/4
  1419 | D:2      | Gained mutation: Your spells are a little harder to cast,
                  | but a little more powerful. [potion of mutation]
  1419 | D:2      | Gained mutation: You are partially covered in rugged brown
                  | scales. (AC +1, +3% HP) [potion of mutation]
  1984 | D:3      | Noticed Ijyb
  1999 | D:3      | Killed Ijyb
  2371 | D:3      | Noticed Natasha
  2377 | D:3      | Killed Natasha
  2377 | D:3      | Reached XP level 6. HP: 55/56 MP: 5/5
  2488 | D:3      | Noticed Natasha
  2495 | D:3      | Killed Natasha
  2495 | D:3      | Reached skill level 6 in Axes
  2515 | D:3      | Noticed Grinder
  2525 | D:3      | Killed Grinder
  2525 | D:3      | Reached skill level 5 in Fighting
  2525 | D:3      | Reached XP level 7. HP: 62/62 MP: 6/6
  2788 | D:4      | Found Adghoyg's General Store.
  2813 | D:4      | Reached skill level 7 in Axes
  3031 | D:4      | Reached skill level 5 in Armour
  3160 | D:4      | Noticed Menkaure
  3165 | D:4      | Killed Menkaure
  3552 | D:5      | Entered Level 5 of the Dungeon
  3561 | D:5      | Found Viddaxes's Book Boutique.
  3578 | D:5      | Noticed a troll
  3585 | D:5      | Reached skill level 8 in Axes
  3585 | D:5      | Reached skill level 5 in Dodging
  3585 | D:5      | Reached XP level 8. HP: 65/72 MP: 7/7
  3594 | D:5      | Killed a troll
  3832 | D:5      | Found Aterocud's Weapon Emporium.
  3847 | D:5      | Reached *** piety under Trog
  3971 | D:5      | Reached skill level 9 in Axes
  4679 | D:6      | Reached XP level 9. HP: 41/81 MP: 8/8
  5023 | D:6      | Noticed Duvessa
  5023 | D:6      | Noticed Dowan
  5033 | D:6      | Killed Duvessa
  5035 | D:6      | Killed Dowan
  5211 | D:6      | Reached skill level 10 in Axes
  5307 | D:6      | Found a transporter.
  5313 | D:6      | Found a transporter.
  5313 | D:6      | Noticed a cyclops
  5314 | D:6      | Noticed a cyclops
  5323 | D:6      | Found a shimmering blue altar of Sif Muna.
  5324 | D:6      | Found a bloodstained altar of Trog.
  5554 | D:6      | Killed a cyclops
  5561 | D:6      | Killed a cyclops
  5561 | D:6      | Reached skill level 11 in Axes
  5822 | D:7      | Reached **** piety under Trog
  5839 | D:7      | Reached XP level 10. HP: 85/92 MP: 9/9
  5863 | D:7      | Noticed Maggie
  5872 | D:7      | HP: 2/92 [centaur (5)]
  5873 | D:7      | Killed Maggie
  5906 | D:7      | Found a sand-covered staircase.
  5910 | Ossuary  | Entered an ossuary
  6233 | Ossuary  | Reached ***** piety under Trog
  6544 | D:7      | Found a shadowy altar of Dithmenos.
  6610 | D:7      | Found a staircase to the Ecumenical Temple.
  7042 | D:8      | Reached skill level 12 in Axes
  7819 | D:8      | Found Isaonot's Antique Weapon Shoppe.
  7975 | D:8      | Found a basalt altar of Yredelemnul.
  8102 | D:8      | Found a radiant altar of Vehumet.
  8506 | D:9      | Found a staircase to the Orcish Mines.
  8512 | D:9      | Found an ornate altar of the Wu Jian Council.
  8535 | D:9      | Received a gift from Trog
  8738 | D:9      | Found an ancient bone altar of Kikubaaqudgha.
  8761 | D:9      | Reached XP level 11. HP: 94/101 MP: 10/10
  8887 | D:9      | Reached skill level 13 in Axes
  8986 | D:9      | Found a glowing silver altar of Zin.
  8987 | D:9      | Found a white marble altar of Elyvilon.
  9087 | D:9      | Reached skill level 10 in Fighting
  9420 | D:9      | Got a pair of smouldering gloves
  9431 | D:9      | Identified the +2 pair of gloves of the Pink Corner {rPois
                  | rC- MR+++ Slay+2} (You found it on level 9 of the Dungeon)
  9974 | D:10     | Entered Level 10 of the Dungeon
 10462 | D:10     | Noticed Sonja
 10469 | D:10     | Killed Sonja
 11005 | D:10     | Noticed Snorg
 11011 | D:10     | Killed Snorg
 11058 | D:10     | Found a portal to a secret trove of treasure.
 11126 | D:10     | Found Qeuck's Antique Armour Boutique.
 11184 | D:11     | Noticed a two-headed ogre
 11191 | D:11     | Reached skill level 10 in Armour
 11193 | D:11     | Killed a two-headed ogre
 11209 | D:11     | Noticed Erolcha
 11219 | D:11     | Killed Erolcha
 11222 | D:11     | Noticed Psyche
 11227 | D:11     | Reached ****** piety under Trog
 11230 | D:11     | Killed Psyche
 11230 | D:11     | Reached skill level 14 in Axes
 11232 | D:11     | Found a hide-covered altar of Uskayaw.
 11518 | D:11     | Found a staircase to the Lair.
 11922 | D:11     | Received a gift from Trog
 11925 | D:11     | Got a pitted war axe {god gift}
 11926 | D:11     | Identified the +11 war axe "Huazul" {vorpal, *Contam
                  | *Corrode MR+++ Str+2} (Trog gifted it to you on level 11 of
                  | the Dungeon)
 11980 | D:11     | Gained mutation: You tend to lose your temper in combat.
                  | [mutagenic glow]
 12276 | D:12     | Noticed a two-headed ogre
 12282 | D:12     | Killed a two-headed ogre
 12292 | D:12     | Reached skill level 10 in Dodging
 12327 | D:12     | Reached XP level 12. HP: 109/113 MP: 11/11
 12375 | D:12     | Noticed an eight-headed hydra
 12385 | D:12     | Killed a 14-headed hydra
 12903 | D:12     | Found a roughly hewn altar of Beogh.
 13009 | D:12     | Reached skill level 15 in Axes
 13723 | Lair:1   | Entered Level 1 of the Lair of Beasts
 13772 | D:11     | Identified a scroll of acquirement
 13916 | Lair:1   | Acquired a scarf of repulsion
 13935 | Lair:1   | Noticed Prince Ribbit
 13942 | Lair:1   | Killed Prince Ribbit
 14649 | Lair:2   | Found a dark tunnel.
 14683 | Volcano  | Entered a volcano
 14707 | Volcano  | Received a gift from Trog
 14717 | Volcano  | Reached skill level 16 in Axes
 15310 | Lair:2   | Reached XP level 13. HP: 121/121 MP: 12/12
 15907 | Lair:3   | Found a hole to the Spider Nest.
 17048 | Lair:4   | Reached skill level 17 in Axes
 17171 | Lair:4   | Found a staircase to the Shoals.
 17786 | Lair:5   | You fall into a shaft and drop 1 floor!
 17786 | Lair:6   | Entered Level 6 of the Lair of Beasts
 18421 | Lair:6   | Found a staircase to the Slime Pits.
 18649 | Lair:6   | Received a gift from Trog
 19068 | Lair:6   | Reached XP level 14. HP: 100/132 MP: 13/13
 19807 | Lair:6   | Found a large runed translucent door.
 19808 | Lair:6   | Found a large runed translucent door.
 19830 | Lair:6   | Reached skill level 18 in Axes
 21164 | D:13     | Found a gate to the Vaults.
 21674 | D:14     | Found a frozen archway.
 21708 | IceCv    | Entered an ice cave
 21709 | IceCv    | Found a transporter.
 22783 | D:15     | Entered Level 15 of the Dungeon
 23163 | D:15     | Reached skill level 19 in Axes
 23166 | D:15     | Received a gift from Trog
 23277 | D:15     | Reached XP level 15. HP: 143/143 MP: 14/14
 23768 | D:15     | Found a staircase to the Depths.
 24124 | Orc:1    | Entered Level 1 of the Orcish Mines
 24889 | Orc:1    | Received a gift from Trog
 24894 | Orc:1    | Got an ichor-stained battleaxe {god gift}
 24895 | Orc:1    | Identified the +11 battleaxe of the Three Songs {vorpal,
                  | +Rage rPois rN+ Dex-4} (Trog gifted it to you on level 1 of
                  | the Orcish Mines)
 24979 | Orc:2    | Entered Level 2 of the Orcish Mines
 25302 | Orc:2    | Found Qaogial's General Store.
 25302 | Orc:2    | Found Unuleat's General Store.
 25382 | Orc:2    | Bought a scroll of enchant weapon for 120 gold pieces
 25406 | Orc:2    | Received a gift from Trog
 25491 | Orc:2    | Found Luitzoss's Book Shop.
 25596 | Orc:2    | Found Buyp's Gadget Emporium.
 25871 | Orc:2    | Found a staircase to the Elven Halls.
 26013 | Orc:2    | Found a roughly hewn altar of Beogh.
 26509 | Orc:2    | Bought the ring "Posouz" {rPois rC++} for 667 gold pieces
 26525 | Orc:2    | Bought a scroll of acquirement for 832 gold pieces
 26530 | Orc:2    | Acquired 2440 gold pieces
 26726 | Spider:1 | Entered Level 1 of the Spider Nest
 26762 | Spider:1 | Noticed Kirke
 26773 | Spider:1 | Killed Kirke
 26779 | Spider:1 | Reached skill level 15 in Fighting
 26805 | Spider:1 | Reached skill level 20 in Axes
 26813 | Spider:1 | Blown up by an orb spider

Illustrated notes

Levels and vault maps discovered:
D:1:      dpeg_arrival_round_b, layout_basic
D:2:      layout_basic, uniq_sigmund
D:3:      layout_basic, uniq_natasha, uniq_ijyb, uniq_grinder
D:4:      layout_cave_pods, serial_shops, shop, uniq_menkaure
D:5:      layout_basic, serial_shops, nicolae_shop_crystal,
          nicolae_shop_crystal, minmay_lizard_king
D:6:      layout_loops_ring, gammafunk_temple_overflow_arena, minivault_14,
          uniq_duvessa
D:7:      layout_rooms, overflow_temple_1_default,
          minmay_temple_entry_junction_2, enter_ossuary_5, minivault_4,
          uniq_maggie
D:8:      layout_rooms, yredelemnul_forgotten_temple_becter, vehumet_statue,
          serial_shops, kennysheep_little_box, serial_co_window_serial,
          co_window_paths_a, co_window_paths_a, co_window_paths_a,
          co_window_paths_a, co_window_paths_a, co_window_paths_a,
          co_window_of_opportunity_a, co_window_unsneaky_path_c,
          co_window_cross_4, co_window_2corner, co_window_unsneaky_path_a,
          co_window_corner_b, co_window_corner_b, co_window_2corner,
          glass_columns_a, glass_columns_b, glass_columns_c
D:9:      layout_grid_maze, gammafunk_temple_overflow_statue,
          overflow_temple_1_default, overflow_temple_1_default, orc_0_dummy,
          special_room [special_room_orc], chequers_serial_rivers_large_b
D:10:     mumra_celtic_spiral_tile, layout_irregular_city, enter_trove_1,
          serial_shops, kennysheep_mini, uniq_sonja, uniq_snorg
D:11:     layout_rooms, lair_entry_dummy, serial_rivers,
          chequers_serial_rivers_room_b, chequers_serial_rivers_micro_b,
          chequers_serial_rivers_large_a, chequers_serial_rivers_micro_c,
          chequers_serial_rivers_micro_b, chequers_serial_rivers_micro_a,
          basic_altar, uniq_erolcha, uniq_psyche
D:12:     layout_basic, special_room [special_room_orc]
D:13:     layout_gridville, ximxim_vaults_locker_room
D:14:     layout_loops_cross, portal_ice_cave_entry_pillars_2, minivault_23
D:15:     gammafunk_enter_depths_forms, layout_irregular_city,
          minmay_misc_feat_rows
Lair:1:   layout_loops_ring, uniq_prince_ribbit2
Lair:2:   layout_concentric_octagons, nicolae_volcano_entry_hallway,
          chequers_serial_rivers_room_b
Lair:3:   layout_misc_corridors, spider_nest_entry_a, minmay_holes
Lair:4:   layout_cave_shapes, elwin_shoals_entry_stream,
          nicolae_quartered_pool_super, serial_bayou_shore_a
Lair:5:   layout_regular_city, wad_woods_river_01
Lair:6:   cheibrodos_lair_end_hotspot, layout_cave_pods, slime_dummy,
          minmay_hedge_maze
Spider:1: layout_spider_delve, uniq_nikola, uniq_louise, uniq_kirke, uniq_azrael
Orc:1:    nicolae_orc_accident_1, layout_caves
Orc:2:    st_orc_town, layout_caves

Skill      XL: |  1  2  3  4  5  6  7  8  9 10 11 12 13 14 15 |
---------------+----------------------------------------------+-----
Axes           | 4 5 6 8 9 11 12 14 16 17 19 20 | 20.0
Fighting       | 4 5 6 7 8 9 11 12 13 14 15 | 15.0
Armour         | 3 4 5 6 8 9 10 11 13 14 | 14.8
Dodging        | 3 4 5 6 7 8 10 11 12 13 | 13.8

Action                   |  1- 3 |  4- 6 |  7- 9 | 10-12 | 13-15 || total
-------------------------+-------+-------+-------+-------+-------++-------
Melee: Hand axe          |    44 |    53 |   175 |       |       ||   272
       Headbutt          |     4 |    10 |    51 |   124 |   178 ||   367
       Broad axe         |       |       |    49 |    90 |       ||   139
       Battleaxe         |       |       |       |   470 |   529 ||   999
       Executioner's axe |       |       |       |       |   261 ||   261
Invok: Berserk           |     1 |     2 |     4 |     7 |    12 ||    26
  Use: Potion            |       |     4 |       |     1 |     2 ||     7
       Scroll            |       |     3 |     7 |    15 |    18 ||    43
Armor: Chain mail        |    22 |    23 |       |       |       ||    45
       Animal skin       |     3 |       |       |       |       ||     3
       Plate armour      |       |    15 |   101 |   272 |   368 ||   756
Dodge: Dodged            |    17 |    21 |   157 |   432 |   613 ||  1240
       Repelled          |       |       |       |       |     3 ||     3
Block: Other             |       |       |       |       |    77 ||    77
       Reflection        |       |       |       |       |     7 ||     7

Table legend: (Time is in decaauts)
 A = Elapsed time spent in this place.
 B = Non-inter-level travel time spent in this place.
 C = Inter-level travel time spent in this place.
 D = Time resting spent in this place.
 E = Time spent auto-exploring this place.
 F = Levels seen in this place.
 G = Mean time per level.
                   A        B        C        D        E       F      G
               +--------+--------+--------+--------+--------+-----+--------+
         Total |  27109 |  26009 |   1100 |   5801 |  16473 |  27 | 1004.0 |
       Dungeon |  16818 |  16225 |    593 |   3873 |  10105 |  15 | 1121.2 |
          Lair |   6799 |   6487 |    312 |   1244 |   4355 |   6 | 1133.2 |
   Spider Nest |     94 |     94 |      0 |      0 |     24 |   1 |   94.0 |
  Orcish Mines |   2501 |   2306 |    195 |    349 |   1665 |   2 | 1250.5 |
       Ossuary |    460 |    460 |      0 |    218 |    116 |   1 |  460.0 |
      Ice Cave |    100 |    100 |      0 |      0 |     64 |   1 |  100.0 |
       Volcano |    334 |    334 |      0 |    116 |    142 |   1 |  334.0 |
               +--------+--------+--------+--------+--------+-----+--------+

Top non-repeatable levels by time:
  Lair:6: 2313 daAuts
     D:9: 1654 daAuts
   Orc:2: 1583 daAuts
    D:12: 1552 daAuts
     D:8: 1421 daAuts
     D:6: 1374 daAuts
    D:15: 1250 daAuts
    D:11: 1232 daAuts
    D:10: 1225 daAuts
    D:14: 1127 daAuts
  Lair:2: 1006 daAuts
  Lair:4: 1001 daAuts
     D:2: 959 daAuts
     D:3: 940 daAuts
   Orc:1: 918 daAuts
